wizbiz, chaotic female elven Wizard ----------- |.........| -------------------------------- ######..........| |......................%.%......#########|...<.....| |.------+--------------..-----[| ### # -+--------- |.|....| |.. |. +.%-.((|.| |.|... |.. |. |..|.((|.. |.--|-----|.. -|------|..| ((|.| .......|..|.. |.|..|..|.-----|.. |.----.|..-|---.|..|..|[[%...|.| |.|..-d-|--..{..-|-|..|.|.._.|.| |%|..|.Y...........-|--.|....|.| |%|----|--.----|--....%.|....|%| |.|..|.@.|.+ |.)|--|--------|.| |.|..|((@|.| |).|....| |%%.-.| |.|..|](m|.- |(!|....| |%%.|.| |.-|------. ---------+------%| |..............................- -------------------------------- wizbiz the Thaumaturge Experience level: 8 Strength: 10 Dexterity: 13 Constitution: 15 Intelligence: 20 Wisdom: 17 Charisma: 10 Health: 0(49) Energy: 26(104) Def: 6 Gold: 0 Moves: 7632 Dungeon seed: gR4Cgb0M7JXB3Fcd Game ID: wizbiz_1532473904 Your Inventory: Amulets o - an uncursed amulet of unchanging Weapons w - the rustproof +0 Magicbane (weapon in hand) Armor e - an uncursed +1 cloak of magic resistance (being worn) r - an uncursed +0 orcish helm (being worn) I - an uncursed +0 studded leather armor (being worn) Comestibles u - an uncursed apple v - an uncursed food ration W - an uncursed lembas wafer Scrolls i - an uncursed scroll of food detection l - an uncursed scroll of blank paper s - an uncursed scroll of light Potions a - an uncursed potion of hallucination g - an uncursed potion of speed j - an uncursed potion of blindness m - an uncursed potion of healing p - 2 uncursed potions of water t - an uncursed potion of gain level X - 2 uncursed potions of extra healing Rings c - an uncursed +1 ring of increase damage (on right hand) d - an uncursed +1 ring of gain strength A - an uncursed ring of invisibility B - an uncursed ring of conflict L - a cursed -1 ring of increase accuracy Wands b - a wand of striking (0:5) M - a wand of magic missile (0:0) O - a wand of digging (0:5) Tools x - an uncursed stethoscope C - an uncursed magic lamp Q - an uncursed wax candle (0:400) U - an uncursed tallow candle (0:200) Y - 8 cursed tallow candles (0:200) Gems f - an uncursed worthless piece of yellow glass h - 2 uncursed worthless pieces of black glass n - 2 uncursed obsidian stones y - 2 uncursed worthless pieces of violet glass J - 2 uncursed worthless pieces of yellowish brown glass N - an uncursed sapphire Spells and supernatural/magical abilities: Name Level Category Fail Memory a - force bolt 1 attack 0% 63% j - jumping 1 escape 0% 72% n - detect monsters 1 divination 0% 62% W - pray for help -- divine ? -- Your skills at the end: Fighting Skills Weapon Skills dagger [Basic] quarterstaff [Basic] Spellcasting Skills attack spells [Skilled] enchantment spells [Basic] Final Attributes: You were piously aligned. You were sleep resistant. You were magic-protected. You were telepathic. You had infravision. You were held by a giant mimic. You had a +1 damage bonus. You are dead. Vanquished creatures: a large dog a tengu an ochre jelly a crocodile 3 wolves a lynx a leprechaun an orc-captain 2 giant spiders 2 gnome kings a dwarf mummy a brown pudding an owlbear a dingo a rope golem 7 bugbears an orc shaman a pony a fog cloud 10 gnome lords 4 gnomish wizards a guardian naga hatchling a gray ooze a ghoul a paper golem a baby crocodile 7 giant ants 3 floating eyes 2 kittens 11 dwarves a kobold lord a kobold shaman 2 hill orcs a giant bat 5 monkeys 2 dwarf zombies an iguana 3 killer bees an acid blob a hobbit 4 manes 2 large kobolds 14 hobgoblins a giant rat a cave spider 2 brown molds 32 gnomes a gnome zombie 4 geckos 6 jackals 2 kobolds 6 sewer rats 7 grid bugs 7 bats 5 lichens 2 kobold zombies 7 newts 192 creatures vanquished. Voluntary challenges: You used a wielded weapon 132 times, starting on turn 117. You read items or engraved 13 times, starting on turn 1. You never genocided any monsters. You never polymorphed an object. You never changed form. You used no wishes. You never split a pudding. You wrote Elbereth's name 3 times, starting on turn 4405. You never violated your personal moral code. Dungeon overview: The Dungeons of Doom: levels 1 to 10 Level 1 a long staircase Level 2 a fountain Level 3 Level 4 an altar to Ptah, some fountains stairs to The Gnomish Mines Level 5 a fountain, a throne Level 6 (stash) a fountain, a sink Level 7 an altar to Anhur, a sink Level 8 an altar to Thoth, a fountain Level 9 many fountains Level 10 The Gnomish Mines: levels 5 to 8 Level 5 stairs to The Dungeons of Doom Level 6 Level 7 Level 8 <- You were here many shops, a temple to Ptah, a fountain History has recorded: On T:1 you entered the Dungeons of Doom to retrieve the Amulet of Yendor! On T:344 you reached level 2 of The Dungeons of Doom. On T:407 you advanced to experience level 2. On T:430 you reached level 3 of The Dungeons of Doom. On T:809 you reached level 5 of The Dungeons of Doom. On T:849 you reached level 4 of The Dungeons of Doom. On T:926 you advanced to experience level 3. On T:1545 you advanced to experience level 4. On T:1673 you reached level 1 of The Gnomish Mines. On T:1881 you reached level 6 of The Dungeons of Doom. On T:2018 you reached level 7 of The Dungeons of Doom. On T:2487 you advanced to experience level 5. On T:3099 you reached level 8 of The Dungeons of Doom. On T:3195 you advanced to experience level 6. On T:3259 you received Magicbane from Anhur. On T:3881 you reached level 9 of The Dungeons of Doom. On T:3886 you reached level 10 of The Dungeons of Doom. On T:4415 you advanced to experience level 7. On T:6214 you advanced to experience level 8. On T:6305 you reached level 2 of The Gnomish Mines. On T:6710 you reached level 3 of The Gnomish Mines. On T:6936 you reached level 4 of The Gnomish Mines. Score breakdown: Gold: 0 ( 0 points) Experience: 8 levels (14739 points) Exploration: 10 levels ( 20.41%) (12990 points) Discoveries: 11 items ( 3.97%) ( 5978 points) Valuables value: (no points given unless you survive) Artifact value: 3500 (12056 points) Variety of kills: 57 monsters ( 14.96%) (11603 points) Turncount: 7632 turns (-1979 points) Survival: died (score multiplied by 80%) Total score: 44309 Latest messages: You kill the killer bee! You see here a killer bee corpse. (2x) "Hello, wizbiz! Welcome to Izchak's lighting store!" You see here a tallow candle (13 zorkmids). You see here a magic lamp (66 zorkmids). "For you, good lady; only 66 for this magic lamp." C - a magic lamp (unpaid, 66 zorkmids). Wait! That's a giant mimic! The giant mimic hits! (2x) The spell hits the giant mimic! The spell misses the giant mimic. The spell hits the giant mimic. The spell hits the giant mimic! The giant mimic resists! The giant mimic hits! (2x) You die... Izchak takes all your possessions. Final status: Goodbye wizbiz the Wizard, killed by a giant mimic... You died in The Gnomish Mines on dungeon level 8 with 44309 points, and 0 pieces of gold, after 7632 moves. You were level 8 with a maximum of 49 hit points when you died.